 Dungeon Crawl Stone Soup version 0.31.0-11-ge490571c62 (webtiles) character file.

Game seed: 3169075810564537748

109 Killerpretzel the Changeling (level 4, 0/29 HPs)
             Began as an Octopode Shapeshifter on Feb 8, 2024.
             Slain by an orc priest
             ... wielding a +0 flail
              (8 damage)
             ... on level 4 of the Dungeon.
             The game lasted 00:05:36 (1414 turns).

Killerpretzel the Changeling (OpSh)                 Turns: 1414, Time: 00:05:36

Health: 0/29       AC:  1    Str: 13    XL:     4   Next: 90%
Magic:  4/4        EV: 13    Int: 12    God:
Gold:   47         SH:  0    Dex: 13    Spells: 3/3 levels left

rFire   . . .        l - +1 scimitar
rCold   . . .        (no shield)
rNeg    . . .        (helmet currently unavailable)
rPois   .            (no amulet)
rElec   .            (no ring)
rCorr   .            (no ring)
SInv    .            (no ring)
Will    .....        (no ring)
Stlth   ++           (no ring)
HPRegen 0.24/turn    (no ring)
MPRegen 0.09/turn    (no ring)
                     (no ring)

%: no passive effects
@: beast-form
A: beast (slay +2), almost no armour, amphibious, 8 rings, camouflage 1,
gelatinous body 1, (nimble swimmer 1), tentacles
a: Begin Untransformation


You were on level 4 of the Dungeon.
You were a hulking beast.
You visited 1 branch of the dungeon, and saw 4 of its levels.

You collected 47 gold pieces.

Inventory:

Hand Weapons
 l - a +1 scimitar (weapon)
 m - a +0 dagger
Missiles
 k - 6 boomerangs (quivered)
Talismans
 b - a beast talisman
 c - a flux talisman
Potions
 a - a potion of lignification
 d - a potion of degeneration {unknown}
 g - a potion of curing
 h - 2 potions of might {unknown}
 i - 2 potions of haste {unknown}
 j - a potion of attraction {unknown}
 o - 3 potions of brilliance {unknown}


   Skills:
 + Level 2.1 Fighting
 + Level 2.7 Dodging
 + Level 3.6 Unarmed Combat
 * Level 3.9 Shapeshifting


You had 3 spell levels left.
You didn't know any spells.
Your spell library contained the following spells:

 Spells                   Type           Power      Damage    Failure   Level
 Static Discharge         Conj/Air       0%         3-3/arc   45%         2
 Tukima's Dance           Hex            0%         N/A       69%         3
 Airstrike                Air            0%         2d(0-16)  97%         4
 Anguish                  Hex/Necr       0%         N/A       97%         4
 Cause Fear               Hex            0%         N/A       97%         4
 Dimensional Bullseye     Hex/Tloc       0%         N/A       97%         4
 Iskenderun's Mystic Bla  Conj/Tloc      0%         2d3       97%         4
 Summon Lightning Spire   Summ/Air       0%         N/A       97%         4
 Enfeeble                 Hex            0%         N/A       100%        7


Dungeon Overview and Level Annotations

Branches:
Dungeon (4/15)
 Temple: D:4-7

Altars:
Makhleb
Okawaru


Innate Abilities, Weirdness & Mutations

You are a hulking beast.
Your limbs bulge with bestial killing power. (Slay +2)
You cannot wear most types of armour.
You are amphibious.
You can wear up to eight rings at the same time.
Your skin changes colour to match your surroundings (Stealth+).
Your rubbery body absorbs attacks. (AC +1, EV +1)
((You are camouflaged when in or above water. (Stealth+)))
You have tentacles for arms and can constrict up to eight enemies at once.


Message History

The goblin unwields a +0 dagger.
The goblin wields a +0 sling.
The goblin shoots a sling bullet.
The sling bullet closely misses you. The rat closely misses you.
The rat barely misses you.
There are monsters nearby!
You hit the rat. Your grab misses the rat. You tentacle-slap the rat.
You kill the rat!
An adder comes into view.
There are monsters nearby!
The howler monkey closely misses you.
You see here a hound corpse.
There are monsters nearby!
You closely miss the howler monkey. Your grab misses the howler monkey.
The howler monkey hits you. x2
There are monsters nearby!
The howler monkey attacks as it pursues you!
The howler monkey misses you.
There is a stone staircase leading down here.
You see here a rat corpse.
The howler monkey hoots and howls with incredible vigour!
The frilled lizard attacks as it pursues you!
The frilled lizard bites you.
The frilled lizard attacks as it pursues you!
The frilled lizard barely misses you.
The howler monkey hoots and howls with incredible vigour!
There is an escape hatch in the floor here.
The frilled lizard closely misses you. The scorpion stings you.
* * * LOW HITPOINT WARNING * * *
You slide downwards.
The hatch slams shut behind you.
You feel better.
The orc priest shouts!
The orc shouts!
The orc priest shouts!
The scorpion closely misses you.
The frilled lizard completely misses you.
The orc priest barely misses you.
As you read the scroll labelled PIEPOR ESCHAICU, it crumbles to dust.
The creatures around you are filled with an inner flame!
It was a scroll of immolation.
The scorpion barely misses you. The frilled lizard bites you.
* * * LOW HITPOINT WARNING * * *
The orc priest hits you with a +0 flail!
You die...

#.....#
#.....###
#####.......#
............#
............#
............#
<......o....#
......lhoo..#
.......so..##
........=.o#
.####......#
#......#
#######. ..
..


You could see a scorpion (inner flame), 2 orc priests, an orc wizard (inner
flame), 2 orcs and a frilled lizard (inner flame).

Vanquished Creatures
  A hound (D:3)
  An iguana (D:3)
  An orc (D:2)
  5 ball pythons
  2 bats (D:1)
  7 endoplasms
  4 giant cockroaches
  5 goblins
  5 hobgoblins
  3 jackals (D:2)
  6 kobolds
  4 frilled lizards
  2 rats
46 creatures vanquished.

Notes
Turn   | Place    | Note
-------+----------+-------------------------------------------
     0 | D:1      | Killerpretzel the Octopode Shapeshifter began the quest for
                  | the Orb.
     0 | D:1      | Reached XP level 1. HP: 13/13 MP: 1/1
    26 | D:1      | Reached XP level 2. HP: 18/18 MP: 2/2
   333 | D:1      | Reached XP level 3. HP: 23/23 MP: 3/3
   706 | D:2      | Found a burning altar of Makhleb.
  1036 | D:2      | Found a faded altar of an unknown god.
  1144 | D:3      | Noticed a scorpion
  1374 | D:3      | Reached XP level 4. HP: 27/29 MP: 4/4
  1394 | D:3      | Found an iron altar of Okawaru.
  1414 | D:4      | Slain by an orc priest

Illustrated notes

Levels and vault maps discovered:
D:1:      psy_arrival_whirlpool, layout_rooms
D:2:      layout_rooms, basic_altar, hellmonk_ecumenical_altar_leap_of_faith
D:3:      layout_rooms, nicolae_overflow_hidden_temple, uniq_natasha
D:4:      layout_gridville, chequers_hall_statues_wall_a

Skill      XL: |  1  2  3  4 |
---------------+-------------+-----
Fighting       | 2 |  2.1
Dodging        | |  2.7
Unarmed Combat | |  3.6
Shapeshifting  | |  3.9

Action                     |  1- 3 |  4- 6 || total
---------------------------+-------+-------++-------
  Melee: Unarmed           |    31 |       ||    31
         Tentacles         |    12 |     1 ||    13
         Constrict         |    12 |     1 ||    13
         Punch             |     3 |     1 ||     4
         Scimitar          |    29 |     9 ||    38
    Use: Scroll            |     4 |     1 ||     5
         Potion            |       |     1 ||     1
   Stab: Sleeping          |     6 |     2 ||     8
 Armour: Skin              |    26 |    10 ||    36
  Dodge: Dodged            |    37 |    17 ||    54
